 Dungeon Crawl Stone Soup version 0.26-a0-1053-gaff5f71418 (webtiles) character file.

Game seed: 17495259984900542738

920 qory the Cudgeller (level 7, 0/63 HPs)
             Began as a Minotaur Berserker on Dec 12, 2020.
             Was a Priest of Trog.
             Slain by a gnoll sergeant
             ... wielding a +2 spear of venom
              (2 damage)
             ... on level 5 of the Dungeon.
             The game lasted 00:29:02 (4783 turns).

qory the Cudgeller (Minotaur Berserker)             Turns: 4783, Time: 00:29:02

Health: 0/63       AC:  9    Str: 24    XL:     7   Next: 83%
Magic:  0/6        EV: 10    Int:  4    God:    Trog [***...]
Gold:   238        SH:  0    Dex:  9    Spells: 6/6 levels left

rFire    . . .     SeeInvis .   x - +3 mace
rCold    . . .     Faith    .   (no shield)
rNeg     + . .     Spirit   +   y - +0 chain mail
rPois    .         Reflect  .   (helmet restricted)
rElec    .         Harm     .   (no cloak)
rCorr    .         Rampage  .   (no gloves)
Will     ++...                  (no boots)
Stlth    ..........             a - amulet of guardian spirit
HPRegen  1.20/turn              n - ring of positive energy
MPRegen  0.10/turn              (no ring)

@: lethally poisoned (0 -> -51), berserk cooldown, regenerating (expiring),
slowed, very slow
A: retaliatory headbutt, horns 2
a: Berserk, Trog's Hand, Renounce Religion


You were on level 5 of the Dungeon.
You worshipped Trog.
Trog was most pleased with you.
You visited 1 branch of the dungeon, and saw 5 of its levels.

You collected 238 gold pieces.

Inventory:

Hand Weapons
 x - a +3 mace (weapon)
Armour
 y - a +0 chain mail (worn)
Jewellery
 a - an amulet of guardian spirit (around neck)
 n - a ring of positive energy (left hand)
Wands
 m - a wand of flame (19)
 w - a wand of iceblast (1)
Scrolls
 e - 3 scrolls of amnesia
 i - 3 scrolls of remove curse
 j - a scroll of magic mapping
 t - 5 scrolls of identify
Potions
 c - 4 potions of heal wounds {unknown}
 d - 2 potions of flight
 f - a potion of ambrosia {unknown}
 k - 2 potions of lignification {unknown}
 l - 2 potions of degeneration {unknown}
 p - 2 potions of attraction {unknown}
 q - 4 potions of brilliance {unknown}
 s - a potion of curing {unknown}
 u - a potion of haste


   Skills:
 + Level 6.0 Fighting
 + Level 7.5 Maces & Flails
 + Level 5.4 Armour
 + Level 4.5 Dodging
 + Level 1.2 Stealth


You had 6 spell levels left.
You didn't know any spells.
Your spell library was empty.

Dungeon Overview and Level Annotations

Branches:
Dungeon (5/15)             Temple (0/1) D:4

Altars:
Cheibriados
Gozag
Kikubaaqudgha
Ru
Trog
Vehumet
Yredelemnul
The Shining One

Shops:
D:5 }

Annotations:
D:5 1 transporter, qborf's ghost, novice FoVM


Innate Abilities, Weirdness & Mutations

You reflexively headbutt those who attack you in melee.
You have a pair of horns on your head.


Message History

You are exhausted.
You feel yourself slow down.
* * * LOW HITPOINT WARNING * * *
You feel very sick.
Your Fighting skill increases to level 6!
Aiming: Throw Flame
Press: ? - help, Shift-Dir - straight line, f - gnoll sergeant
Aim: a gnoll sergeant, wielding a +2 spear of venom and wearing a +0 scale mail (moderately wounded, 23% to evade)
The puff of flame hits the gnoll sergeant.
The gnoll sergeant is heavily wounded.
* * * LOW HITPOINT WARNING * * *
You feel extremely sick. The gnoll closely misses you.
The gnoll sergeant hits you with a +2 spear of venom.
* * * LOW HITPOINT WARNING * * *
The gnoll hits you from afar with a +2 spear of venom.
* * * LOW HITPOINT WARNING * * *
You are more poisoned.
The gnoll sergeant hits you with a +2 spear of venom.
You die...

......≈≈##g###.###.##≈≈..#####
####..≈≈#.g.........#≈≈......####
.# #..≈≈###.##'##.###≈≈.##.#.....
.###..≈≈..#. ..#W#..≈≈.##..>####
......≈≈.##g .#.##.≈≈.###.##
##....≈≈.#W #..#.≈≈.###.#
)<....≈≈.##.#####.##.≈≈.....#####
####..≈≈..#.#8⌠8#)#......##.....#
#..≈≈.©#.'.©.@)#©.....######.#
..≈≈..#.#.))#g#.....## #.#
+.≈≈.## ##.##g##.≈≈.# #.# .≈≈.#©
#...#gg#.≈≈.# #.#
##....≈≈.##.#⌠.⌠#.##.≈≈.# ####.#
#.....≈≈..# #...#)#..≈≈.# ##.##.#
......≈≈## .##'##.###≈≈.###...#.#
......≈≈#... .......#≈≈..........
......≈≈##g###.###.##≈≈.###...#.#


You could see a gnoll sergeant, qborf's ghost (wandering) and 3 gnolls.

Vanquished Creatures
  Grinder (D:4)
  Sigmund (D:4)
  An ogre (D:5)
  2 gnoll sergeants (D:5)
  A gnoll shaman (D:5)
  2 orc priests
  A worker ant (D:4)
  A hound skeleton (D:4)
  7 gnolls (D:5)
  7 adders
  2 ufetubi (D:5)
  An ooze (D:4)
  3 worms
  2 dart slugs
  3 leopard geckos
  11 orcs
  A ball python (D:3)
  8 bats
  4 giant cockroaches
  9 goblins
  8 hobgoblins
  A quokka (D:3)
  3 frilled lizards
  6 kobolds
  7 rats
93 creatures vanquished.

Vanquished Creatures (others)
  6 plants (D:5)
6 creatures vanquished.

Grand Total: 99 creatures vanquished

Notes
Turn   | Place    | Note
-------+----------+-------------------------------------------
     0 | D:1      | qory the Minotaur Berserker began the quest for the Orb.
     0 | D:1      | Reached XP level 1. HP: 19/19 MP: 0/0
   170 | D:1      | Reached XP level 2. HP: 26/27 MP: 1/1
   989 | D:2      | Reached skill level 4 in Maces & Flails
  1024 | D:2      | Reached XP level 3. HP: 25/33 MP: 2/2
  1340 | D:2      | Found a snail-covered altar of Cheibriados.
  1454 | D:2      | Reached ** piety under Trog
  1757 | D:3      | Found a glowing golden altar of the Shining One.
  1759 | D:3      | Noticed an angel
  1784 | D:3      | Found a basalt altar of Yredelemnul.
  1786 | D:3      | Noticed a profane servitor
  1852 | D:3      | Reached XP level 4. HP: 40/41 MP: 3/3
  1854 | D:3      | Found a bloodstained altar of Trog.
  2584 | D:4      | Reached skill level 5 in Maces & Flails
  2587 | D:4      | Reached skill level 5 in Fighting
  2587 | D:4      | Reached XP level 5. HP: 48/48 MP: 4/4
  2714 | D:4      | Found an opulent altar of Gozag.
  2763 | D:4      | Noticed Grinder
  2765 | D:4      | Paralysed by Grinder for 6 turns
  2783 | D:4      | Killed Grinder
  2784 | D:4      | Reached skill level 6 in Maces & Flails
  2784 | D:4      | Reached XP level 6. HP: 5/56 MP: 0/5
  3092 | D:4      | Found a staircase to the Ecumenical Temple.
  3143 | D:4      | Noticed Sigmund
  3159 | D:4      | Killed Sigmund
  3160 | D:4      | Reached XP level 7. HP: 61/61 MP: 4/6
  3674 | D:5      | Entered Level 5 of the Dungeon
  3695 | D:5      | Reached *** piety under Trog
  3738 | D:5      | Found a radiant altar of Vehumet.
  3738 | D:5      | Found a sacrificial altar of Ru.
  3785 | D:5      | Found a transporter.
  3862 | D:5      | Identified the +2 kite shield of Niraxe {rElec Int+6}
  3880 | D:5      | Found a transporter.
  4054 | D:5      | Found an ancient bone altar of Kikubaaqudgha.
  4112 | D:5      | Reached skill level 1 in Stealth
  4122 | D:5      | Reached skill level 7 in Maces & Flails
  4122 | D:5      | Reached skill level 5 in Armour
  4296 | D:5      | Noticed qborf's ghost (novice FoVM)
  4507 | D:5      | Found Roagarph's Gadget Boutique.
  4783 | D:5      | HP: 3/63 [gnoll sergeant/+2 spear of venom (1)]
  4783 | D:5      | Slain by a gnoll sergeant

Illustrated notes

Levels and vault maps discovered:
D:1:      dpeg_arrival_circle_labyrinth_c, layout_basic, moated_statue
D:2:      layout_basic, lemuel_coloured_pillars_altar, minmay_misc_feat_encased
D:3:      layout_basic, grunt_temple_overflow_holy_war, bloody_trog
D:4:      layout_basic, old_standard_altar, temple_fountains, uniq_grinder,
          uniq_sigmund
D:5:      layout_loops_corners, kiku_gazebo_pond_becter, minitemple,
          serial_shops, shop, gammafunk_ghost_gnarly_gnolls,
          gup_sewer_entry_bubbles

Skill      XL: |  1  2  3  4  5  6  7 |
---------------+----------------------+-----
Fighting       | 4 5 6 |  6.0
Maces & Flails | 4 5 6 7 |  7.5
Armour         | 3 4 5 |  5.4
Dodging        | 3 4 |  4.5
Stealth        | 1 |  1.2

Action                   |  1- 3 |  4- 6 |  7- 9 || total
-------------------------+-------+-------+-------++-------
Melee: Mace              |    64 |    64 |    72 ||   200
       Hand axe          |    10 |       |       ||    10
       Headbutt          |    12 |     5 |    19 ||    36
Invok: Berserk           |       |     3 |     2 ||     5
       Trog's Hand       |       |     1 |     1 ||     2
Evoke: Wand              |       |       |     1 ||     1
  Use: Scroll            |     2 |     8 |     1 ||    11
       Potion            |       |     1 |       ||     1
 Stab: Distracted        |     1 |       |       ||     1
Armor: Animal skin       |     2 |       |       ||     2
       Robe              |     3 |       |       ||     3
       Leather armour    |     3 |     7 |       ||    10
       Ring mail         |       |     1 |       ||     1
       Scale mail        |       |    13 |    14 ||    27
       Chain mail        |       |       |    16 ||    16
Dodge: Dodged            |    45 |    50 |    47 ||   142

Table legend: (Time is in decaauts)
 A = Elapsed time spent in this place.
 B = Non-inter-level travel time spent in this place.
 C = Inter-level travel time spent in this place.
 D = Time resting spent in this place.
 E = Time spent auto-exploring this place.
 F = Levels seen in this place.
 G = Mean time per level.
                   A        B        C        D        E       F      G
               +--------+--------+--------+--------+--------+-----+--------+
         Total |   4856 |   4730 |    126 |      0 |   1846 |   5 |  971.2 |
       Dungeon |   4856 |   4730 |    126 |      0 |   1846 |   5 |  971.2 |
               +--------+--------+--------+--------+--------+-----+--------+

Top non-repeatable levels by time:
     D:5: 1158 daAuts
     D:4: 1112 daAuts
     D:1: 992 daAuts
     D:3: 940 daAuts
     D:2: 652 daAuts
